Match 28806412
Unlisted

Match 28806412
End
Construct Section Command Post
Dingo Light Scout Car
Dingo Light Scout Car
Infantry Section
Infantry Section
Construct Platoon Command Post
Vickers Machine Gun Team
Unlock M3 Stuart Light Tanks
Selects Heavy Armor Battlegroup
Selects Light Vehicle Withdraw and Refit
Selects Rigorous Vehicle Training
Light Vehicle Withdraw and Refit
M3 Stuart Light Tank
Vickers Machine Gun Team
M3 Stuart Light Tank
Selects Radio Net
M3 Stuart Light Tank
Grenade Package
6-pounder Anti-tank Gun Team
Construct Field Infirmary
Selects Designate Targets
Radio Net
Construct Company Command Post
Designate Targets
Unlock M3 Grant Medium Tanks
Foot Guards Section
M3 Grant Medium Tank
M3 Grant Medium Tank
Designate Targets
Royal Engineer Section
Unlock Bishop Self-propelled Artillery
Selects Crusader AA Medium Tank
Bishop Self-propelled Artillery
Foot Guards Section
Bishop Self-propelled Artillery
Designate Targets
fattyboy
Friendly Mouse(Poxie)
Dr. Chud M.D.
gameing
XxJohnRedcornxX
monokulo3
Real tiger
Curdled Milk
0
0

Comments sign in to comment!

No comments posted yet!